 Dungeon Crawl Stone Soup version 0.24-a0-781-g048a31f (console) character file.

Game seed: 8867655371470895098, levelgen mode: deterministic

31 swinepaste the Ducker (level 3, 22/29 HPs)
             Began as a Demonspawn Monk on Oct 8, 2019.
             Quit the game on level 2 of the Dungeon.
             The game lasted 00:01:33 (880 turns).

swinepaste the Ducker (Demonspawn Monk)              Turns: 880, Time: 00:01:33

Health: 22/29      AC:  2    Str: 11    XL:     3   Next: 7%
Magic:  3/3        EV: 14    Int: 11    God:
Gold:   103        SH:  0    Dex: 16    Spells: 2/2 levels left

rFire    . . .     SeeInvis .   a - +0 falchion
rCold    . . .     Gourm    .   (no shield)
rNeg     . . .     Faith    .   b - +0 robe
rPois    .         Spirit   .   h - +0 hat
rElec    .         Reflect  .   (no cloak)
rCorr    .         Harm     .   (no gloves)
MR       .....                  (no boots)
Stlth    ++........             (no amulet)
HPRegen  0.09/turn              (no ring)
MPRegen  0.08/turn              (no ring)

@: mildly poisoned (22 -> 19)
A: powered by pain 1
a: no special abilities


You were on level 2 of the Dungeon.
You were not hungry.

You visited 1 branch of the dungeon, and saw 2 of its levels.

You collected 103 gold pieces.

Inventory:

Hand Weapons
 a - a +0 falchion (weapon)
Missiles
 e - 7 boomerangs (quivered)
Armour
 b - a +0 robe (worn)
 h - a +0 hat (worn)
Scrolls
 i - 2 scrolls of identify {unknown}
Potions
 f - a potion of agility {unknown}
 g - 2 potions of brilliance {unknown}
Comestibles
 c - a ration
 d - a chunk of flesh


   Skills:
 - Level 3.0 Fighting
 - Level 3.2 Long Blades
 + Level 3.4 Dodging
 - Level 1.7 Stealth


You had 2 spell levels left.
You didn't know any spells.
Your spell library was empty.

Dungeon Overview and Level Annotations

Branches:
Dungeon (2/15)

Altars:
Fedhas


Innate Abilities, Weirdness & Mutations

You sometimes gain a little power by taking damage.


Message History

You are poisoned.
The adder poisons you!
You hit the adder.
The adder is heavily wounded.
You feel sick. The adder bites you.
You miss the adder.
The adder is heavily wounded.
The adder misses you.
You riposte.
You barely miss the adder.
The adder is heavily wounded.
The adder closely misses you.
You hit the adder.
You kill the adder!
You have reached level 3!
Your experience leads to an increase in your attributes!
Increase (S)trength, (I)ntelligence, or (D)exterity?
You feel agile.
You feel sick.
You see here an adder corpse.
Autopickup is now off.
Are you sure you want to abandon this character and quit the game? (Confirm with "yes".)

..#..# .....# .......
...#..## ....#..##
### ....##..## ..####
......#..## #....#
....#.#>..######....#
.#..............6...#
π..###....######....#
.### #....# #....# .#
##...# ###### ##
#...# #...# #...#
#...# #####


There were no monsters in sight!

Vanquished Creatures
  An adder (D:2)
  2 dart slugs (D:1)
  A leopard gecko (D:2)
  4 bats (D:1)
  A goblin (D:1)
  A hobgoblin (D:1)
  A ball python (D:1)
  A kobold (D:1)
  8 rats (D:1)
  A toadstool (D:1)
21 creatures vanquished.

Vanquished Creatures (others)
  3 toadstools (D:1)
3 creatures vanquished.

Grand Total: 24 creatures vanquished

Notes
Turn   | Place    | Note
-------+----------+-------------------------------------------
     0 | D:1      | swinepaste the Demonspawn Monk began the quest for the Orb.
     0 | D:1      | Reached XP level 1. HP: 18/18 MP: 1/1
   399 | D:1      | Gained mutation: You sometimes gain a little power by
                  | taking damage. [demonic ancestry]
   399 | D:1      | Reached XP level 2. HP: 24/24 MP: 2/2
   822 | D:2      | Found a blossoming altar of Fedhas.
   878 | D:2      | Reached XP level 3. HP: 22/29 MP: 3/3
   880 | D:2      | Quit the game

Levels and vault maps discovered:
D:1:      ldierk_water_garden, layout_loops_cross, minmay_rat_gold_closets
D:2:      layout_rooms, lemuel_crystal_altar, nicolae_ru_path_of_blood

Skill      XL: |  1 |
---------------+----+-----
Long Blades    | 3 |  3.2
Dodging        | 3 |  3.4
Fighting       | |  3.0
Stealth        | |  1.7

Action                   || total
-------------------------++-------
Melee: Falchion          ||    57
 Stab: Sleeping          ||     3
Armor: Robe              ||    11
Dodge: Dodged            ||    40
       Rpst.: Falchion   ||    14

Table legend:
 A = Non-vault XP
 B = Vault XP
 C = Vault XP percentage of total XP
 D = Non-vault monster count
 E = Vault monster count
 F = Vault count percentage of total count
                 A         B        C        D         E       F
            +---------+---------+-------+---------+---------+-------
      Total |      39 |       6 |  13.3 |      14 |       6 |  30.0
            +---------+---------+-------+---------+---------+-------
        D:1 |      23 |       6 |  20.7 |      12 |       6 |  33.3
        D:2 |      16 |       0 |   0.0 |       2 |       0 |   0.0
            +---------+---------+-------+---------+---------+-------
